 Dungeon Crawl Stone Soup version 0.29.1-12-g30fa7ad0bf (webtiles) character file.

Game seed: 6954329134650767310

732 xian the Chopper (level 7, -3/100 HPs)
             Began as a Naga Berserker on Dec 17, 2022.
             Was a Priest of Trog.
             Slain by a gnoll
             ... wielding a +0 halberd
              (10 damage)
             ... on level 4 of the Dungeon.
             The game lasted 00:10:55 (5372 turns).

xian the Chopper (Naga Berserker)                   Turns: 5372, Time: 00:10:57

Health: -3/100     AC:  7    Str: 22    XL:     7   Next: 73%
Magic:  7/7        EV:  9    Int:  7    God:    Trog [***...]
Gold:   224        SH:  0    Dex: 10    Spells: 6/6 levels left

rFire   . . .      SeeInvis +   a - +0 hand axe
rCold   . . .      Faith    .   (no shield)
rNeg    . . .      Spirit   .   p - +0 acid dragon scales
rPois   +          Reflect  .   (no helmet)
rElec   .          Harm     .   A - +0 cloak
rCorr   +          Rampage  .   (no gloves)
Will    .....                   (no barding)
Stlth   ..........              (no amulet)
HPRegen 0.26/turn               (no ring)
MPRegen 0.10/turn               (no ring)

@: berserking, short of breath, quick
A: AC +2, large, see invisible, deformed body, poison resistance, slowness 2,
spit poison 1, naga tail 1
a: Spit Poison, Renounce Religion, Berserk, Trog's Hand


You were on level 4 of the Dungeon.
You worshipped Trog.
Trog was most pleased with you.
You visited 1 branch of the dungeon, and saw 5 of its levels.

You collected 224 gold pieces.

Inventory:

Hand Weapons
 a - a +0 hand axe (weapon)
 i - the +3 sling of Ewycib {speed, Str+2}
   (You found it on level 3 of the Dungeon)

   Attacks with this weapon are significantly faster.
   Str:       It affects your strength (+2).
Missiles
 n - 6 poisoned darts
 w - 3 curare-tipped darts
Armour
 p - +0 acid dragon scales (worn)
 A - a +0 cloak (worn)
Magical Staves
 B - a staff of fire
Jewellery
 y - a ring of wizardry
Scrolls
 b - 2 scrolls of teleportation {unknown}
 c - 4 scrolls of identify {unknown}
 d - a scroll of enchant armour {unknown}
 e - 3 scrolls of vulnerability {unknown}
 h - a scroll of magic mapping {unknown}
 k - 3 scrolls of summoning {unknown}
 q - a scroll of brand weapon {unknown}
 r - a scroll of torment {unknown}
 v - a scroll of amnesia {unknown}
 x - a scroll of noise {unknown}
 z - a scroll of immolation {unknown}
Potions
 f - 2 potions of flight {unknown}
 g - a potion of mutation {unknown}
 j - a potion of invisibility {unknown}
 l - a potion of lignification {unknown}
 m - 2 potions of attraction {unknown}
 o - a potion of resistance {unknown}
 s - 3 potions of heal wounds {unknown}
 t - 2 potions of magic {unknown}
 u - a potion of might


   Skills:
 + Level 5.1 Fighting
 + Level 5.7 Axes
 + Level 0.1 Throwing
 + Level 3.7 Armour
 + Level 2.5 Dodging
 + Level 1.9 Stealth


You had 6 spell levels left.
You didn't know any spells.
Your spell library contained the following spells:

 Spells                   Type           Power      Damage    Failure   Level
 Magic Dart               Conj           0%         1d3       50%         1
 Call Imp                 Summ           0%         N/A       65%         2
 Static Discharge         Conj/Air       0%         3-3/arc   65%         2
 Mephitic Cloud           Conj/Pois/Air  0%         N/A       86%         3
 Dispel Undead            Necr           0%         3d6       99%         4
 Sticky Flame             Conj/Fire      0%         2d3       99%         4


Dungeon Overview and Level Annotations

Branches:
Dungeon (5/15)
 Temple: D:4-7

Altars:
Dithmenos
Hepliaklqana
Wu Jian

Annotations:
D:5 Grinder


Innate Abilities, Weirdness & Mutations

Your serpentine skin is tough. (AC +2)
You have supernaturally acute eyesight. (SInv)
Armour fits poorly on your strangely shaped body.
Your system is resistant to poisons. (rPois)
You cover ground very slowly.
You can spit poison.
You have a snake-like lower body.


Message History

The gnoll shouts! x2; You hear a shout!
The gnoll moves out of view.
A gnoll comes into view. It is wielding a +0 flail.
A jelly comes into view.
You are too injured to fight recklessly!
The gnoll hits you with a +0 halberd. The gnoll hits you with a +0 halberd!
* * * LOW HITPOINT WARNING * * *
Grinder comes into view.
The gnoll hits you with a +0 club.
* * * LOW HITPOINT WARNING * * *
There is a stone staircase leading up here.
Grinder shouts!
Grinder blinks!
The gnoll closely misses you. The gnoll hits you with a +0 halberd.
* * * LOW HITPOINT WARNING * * *
You climb upwards.
There is a stone staircase leading down here.
You don't know any spells.
You are too injured to fight recklessly!
Aiming: Spit Poison (1% risk of failure)
Press: ? - help, Shift-Dir - straight line, f - gnoll
Aim: a gnoll, wielding a +0 halberd and quivering 2 throwing nets (65% to hit)
The splash of poison misses the gnoll.
The gnoll hits you with a +0 club.
* * * LOW HITPOINT WARNING * * *
The gnoll closely misses you.
Unknown command.
A red film seems to cover your vision as you go berserk!
You feel yourself moving faster!
You feel mighty! The gnoll barely misses you.
The gnoll hits you with a +0 halberd!
* * * LOW HITPOINT WARNING * * *
You hit the gnoll.
The gnoll is lightly wounded.
You hit the gnoll. You slash the gnoll!
The gnoll is severely wounded.
You slash the gnoll!
You kill the gnoll!
Trog accepts your kill. The gnoll hits you with a +0 halberd!
You die...

#.# #.........#..# ########.#
##'##########.# #........#
##...## #.# #.######.# ##.....##
##.# #.##.....# ##.......## ##..#
####.##.....###.........####...##
..............'.........+.......#
####.##.....###..g......####...##
#>.......# ##@).....## ##..#
####.##### ##.....## ##.# #...#
##...## #.## #.>## ##+## #...
#.## #.# ###. #.# #.# #. #.#
########.## #.
#.#####.........##### #.
#...................# #.


You could see a gnoll.

Vanquished Creatures
  Sigmund (D:3)
  An ice beast (D:5)
  A black bear (D:2)
  An ogre (D:4)
  A hound (D:4)
  A jelly (D:4)
  Natasha (thrice) (D:3)
  8 adders
  A gnoll (D:4)
  2 worms
  5 dart slugs
  An orc (D:3)
  19 ball pythons
  5 bats
  7 endoplasms
  A giant cockroach (D:1)
  7 goblins
  8 hobgoblins
  3 jackals (D:2)
  4 quokkas
  5 frilled lizards
  6 kobolds
  6 rats
97 creatures vanquished.

Vanquished Creatures (others)
  6 demonic plants (D:1)
  4 withered plants (D:1)
10 creatures vanquished.

Grand Total: 107 creatures vanquished

Notes
Turn   | Place    | Note
-------+----------+-------------------------------------------
     0 | D:1      | xian the Naga Berserker began the quest for the Orb.
     0 | D:1      | Reached XP level 1. HP: 21/21 MP: 1/1
   444 | D:1      | Reached XP level 2. HP: 28/28 MP: 2/2
   523 | D:1      | Found a faded altar of an unknown god.
  1502 | D:1      | Reached XP level 3. HP: 34/34 MP: 3/3
  1684 | D:2      | Noticed a black bear
  1693 | D:2      | Killed a black bear
  1694 | D:2      | Reached skill level 1 in Stealth
  1694 | D:2      | Reached XP level 4. HP: 44/44 MP: 4/4
  1694 | D:2      | Reached XP level 5. HP: 50/50 MP: 5/5
  1983 | D:2      | Reached ** piety under Trog
  3004 | D:3      | Noticed Sigmund
  3009 | D:3      | Noticed Natasha
  3016 | D:3      | Killed Sigmund
  3017 | D:3      | Reached XP level 6. HP: 58/58 MP: 6/6
  3022 | D:3      | Killed Natasha
  3023 | D:3      | Reached skill level 5 in Axes
  3083 | D:3      | Identified the +3 sling of Ewycib {speed, Str+2}
  3338 | D:3      | Noticed Natasha
  3346 | D:3      | Killed Natasha
  3817 | D:3      | Reached XP level 7. HP: 63/66 MP: 7/7
  4146 | D:3      | Noticed Natasha
  4162 | D:3      | Killed Natasha
  4581 | D:4      | Found a shadowy altar of Dithmenos.
  4590 | D:4      | Found an ornate altar of the Wu Jian Council.
  4947 | D:4      | Found a hazy altar of Hepliaklqana.
  5147 | D:4      | Reached skill level 5 in Fighting
  5303 | D:5      | Entered Level 5 of the Dungeon
  5313 | D:5      | Reached *** piety under Trog
  5366 | D:5      | Noticed Grinder
  5372 | D:4      | Slain by a gnoll

Illustrated notes

Levels and vault maps discovered:
D:1:      dpeg_arrival_three_same_balls, layout_loops_corners,
          shapermc_ecumenical_altar_gd, chequers_serial_rivers_micro_a,
          minmay_heptomino_l4
D:2:      layout_basic
D:3:      layout_rooms, minmay_snake_closets, uniq_sigmund, uniq_natasha
D:4:      layout_loops_corners, mainiacjoe_overflow_24_doors,
          amethyst_overflow_temple_binary, glass_columns_c
D:5:      gammafunk_steamed_eel, layout_basic, trog_ov_bears_minmay,
          uniq_grinder

Skill      XL: |  1  2  3  4  5  6  7 |
---------------+----------------------+-----
Fighting       | 4 5 |  5.1
Axes           | 4 5 |  5.7
Armour         | 2 3 |  3.7
Stealth        | 1 |  1.9
Dodging        | 2 |  2.5
Throwing       | |  0.1

Action                   |  1- 3 |  4- 6 |  7- 9 || total
-------------------------+-------+-------+-------++-------
Melee: Hand axe          |    65 |   157 |    75 ||   297
       Punch             |       |     2 |     1 ||     3
Throw: Dart              |       |     2 |       ||     2
Invok: Berserk           |     1 |     1 |     2 ||     4
       Trog's Hand       |       |     1 |       ||     1
 Abil: Spit Poison       |     6 |    16 |    21 ||    43
Armor: Animal skin       |    12 |       |       ||    12
       Leather armour    |     2 |    29 |       ||    31
       Ring mail         |       |    10 |       ||    10
       Acid dragon scale |       |    17 |    24 ||    41
Dodge: Dodged            |    40 |    95 |    40 ||   175
